 Dungeon Crawl Stone Soup version 0.30-a0-596-g0af90f9a20 (webtiles) character file.

Game seed: 16150872485118399457

219 ghostp the Magician (level 5, 0/28 HPs)
             Began as a Deep Elf Earth Elementalist on Jan 6, 2023.
             Succumbed to a kobold brigand's curare-tipped dart
             ... on level 4 of the Dungeon.
             The game lasted 00:50:03 (3324 turns).

ghostp the Magician (Deep Elf Earth Elementalist)   Turns: 3324, Time: 00:50:04

Health: 0/28       AC:  2    Str:  5    XL:     5   Next: 64%
Magic:  11/13      EV: 13    Int: 22    God:
Gold:   177        SH:  0    Dex: 15    Spells: 7/12 levels left

rFire   . . .      SeeInvis .    b - +0 sling
rCold   . . .      Faith    .    (no shield)
rNeg    . . .      Spirit   .    u - +0 robe
rPois   .          Reflect  .    (no helmet)
rElec   .          Harm     .    (no cloak)
rCorr   .          Rampage  .    (no gloves)
Will    .....                    (no boots)
Stlth   +++                      (no amulet)
HPRegen 0.24/turn                l - ring of flight
MPRegen 0.13/turn                (no ring)

@: lethally poisoned (0 -> -11), flying, slowed, very slow
A: no striking features
a: no special abilities


You were on level 4 of the Dungeon.
You visited 1 branch of the dungeon, and saw 4 of its levels.

You collected 177 gold pieces.

Inventory:

Hand Weapons
 a - a +2 dagger of venom
 b - a +0 sling (weapon)
Missiles
 c - 67 stones
Armour
 k - a +0 pair of gloves
 u - a +0 robe (worn)
Jewellery
 l - a ring of flight (left hand)
Scrolls
 d - a scroll of magic mapping {unknown}
 g - 2 scrolls of noise
 h - 2 scrolls of teleportation
 i - a scroll of silence {unknown}
 o - a scroll of poison {unknown}
 q - a scroll of immolation {unknown}
 s - a scroll of amnesia {unknown}
Potions
 e - a potion of lignification {unknown}
 m - a potion of invisibility {unknown}
 n - 3 potions of heal wounds {unknown}
 p - a potion of brilliance {unknown}
 r - a potion of magic


   Skills:
 * Level 1.3 Ranged Weapons
 - Level 3.0 Dodging
 + Level 3.7 Stealth
 + Level 4.3 Spellcasting
 + Level 2.2 Translocations
 + Level 2.8 Transmutations
 + Level 4.1 Earth Magic


You had 7 spell levels left.
You knew the following spells:

 Your Spells              Type           Power      Damage    Failure   Level
a - Sandblast             Erth           46%        2d11      1%          1
b - Passwall              Tmut/Erth      16%        N/A       4%          2
c - Blink                 Tloc           28%        N/A       6%          2

Your spell library contained the following spells:

 Spells                   Type           Power      Damage    Failure   Level
 Momentum Strike          Conj/Tloc      18%        3d8       11%         2
 Lesser Beckoning         Tloc           28%        N/A       13%         3
 Stone Arrow              Conj/Erth      26%        3d8       14%         3
 Petrify                  Tmut/Erth      20%        N/A       26%         4
 Hailstorm                Conj/Ice       4%         3d4       32%         3
 Ice Form                 Ice/Tmut       10%        N/A       52%         4
 Simulacrum               Ice/Necr       2%         N/A       100%        6


Dungeon Overview and Level Annotations

Branches:
Dungeon (4/15)
 Temple: D:4-7

Altars:
Fedhas
Sif Muna


Message History

The kobold brigand is wielding a +0 club and quivering curare-tipped darts.
The kobold shouts! x3; The kobold brigand shouts!
The gnoll shouts!
The kobold shouts!
Found 9 stones.
Casting: Sandblast (safe; 1% risk of failure)
Confirm with . or Enter, or press ? or * to list all spells.
Aiming: Sandblast (safe; 1% risk of failure)
Press: ? - help, Shift-Dir - straight line, f - kobold brigand
Aim: a kobold brigand, wielding a +0 club and quivering curare-tipped darts (79% to hit)
The blast of sand hits the kobold brigand.
The kobold brigand is lightly wounded.
The kobold brigand barely misses you. The kobold hits you but does no damage.
Casting: Sandblast (safe; 1% risk of failure)
Confirm with . or Enter, or press ? or * to list all spells.
Aiming: Sandblast (safe; 1% risk of failure)
Press: ? - help, Shift-Dir - straight line, f/p - kobold brigand
Aim: a kobold brigand, wielding a +0 club and quivering curare-tipped darts (lightly wounded, 79% to hit)
The blast of sand hits the kobold brigand.
The kobold brigand is moderately wounded.
The kobold brigand hits you with a +0 club.
The kobold barely misses you.
Casting: Sandblast (safe; 1% risk of failure)
Confirm with . or Enter, or press ? or * to list all spells.
Aiming: Sandblast (safe; 1% risk of failure)
Press: ? - help, Shift-Dir - straight line, f/p - kobold brigand
Aim: a kobold brigand, wielding a +0 club and quivering curare-tipped darts (moderately wounded, 79% to hit)
The blast of sand hits the kobold brigand!
The kobold brigand is severely wounded.
The kobold brigand hits you with a +0 club!
The kobold hits you with a +0 club. The kobold brigand closely misses you.
The kobold misses you.
The kobold brigand hits you with a +0 club.
The kobold brigand barely misses you.
The kobold brigand throws a curare-tipped dart.
The curare-tipped dart hits you.
You are poisoned.
You have difficulty breathing.
* * * LOW HITPOINT WARNING * * *
You feel yourself slow down.
You die...

~~~~~~~~~~~~
≈≈≈~≈≈≈~≈≈≈≈
≈≈≈≈≈≈≈~≈≈≈≈ #####
####################...#
..#.....## ##......#...#
..'......###.......#).)#
###.......#........##)##
..........#...........#
..........'.)...@.KK..#
..........#.........K.#
###)......#........##K#
..'......###.......#(Kg#
..#.....## ##......#K..#
######### ########...#
#####


You could see a kobold brigand and 3 kobolds.

Vanquished Creatures
  A hound (D:3)
  6 gnolls (D:4)
  2 adders
  3 worms
  4 dart slugs
  7 orcs
  2 ball pythons (D:2)
  6 endoplasms
  A giant cockroach (D:1)
  8 goblins
  2 hobgoblins
  7 jackals
  23 kobolds
  2 quokkas
  12 bats
  3 frilled lizards
  A rat (D:1)
90 creatures vanquished.

Notes
Turn   | Place    | Note
-------+----------+-------------------------------------------
     0 | D:1      | ghostp the Deep Elf Earth Elementalist began the quest for
                  | the Orb.
     0 | D:1      | Reached XP level 1. HP: 10/10 MP: 6/6
    93 | D:1      | Found a faded altar of an unknown god.
   167 | D:1      | Reached XP level 2. HP: 15/15 MP: 6/8
   849 | D:2      | Reached XP level 3. HP: 19/19 MP: 7/10
   882 | D:2      | Learned a level 2 spell: Passwall
   885 | D:2      | Learned a level 2 spell: Blink
   928 | D:2      | Found a blossoming altar of Fedhas.
  1684 | D:2      | Reached skill level 1 in Translocations
  1724 | D:3      | Reached XP level 4. HP: 24/24 MP: 8/11
  2830 | D:3      | Reached XP level 5. HP: 28/28 MP: 13/13
  2840 | D:4      | Found a shimmering blue altar of Sif Muna.
  3083 | D:4      | Reached skill level 1 in Ranged Weapons
  3324 | D:4      | Succumbed to a kobold brigand's curare-tipped dart

Illustrated notes

Levels and vault maps discovered:
D:1:      dpeg_arrival_shelter, layout_basic,
          shapermc_ecumenical_altar_mp_urbaneastern
D:2:      layout_loops_ring, basic_altar, minmay_misc_feat_doors
D:3:      layout_rooms
D:4:      minmay_goblin_kobold_castle, layout_rooms,
          mainiacjoe_overflow_tiny_flanked, overflow_temple_1_default,
          mainiacjoe_overflow_six_doors_small, minmay_temple_entry_statues

Skill      XL: |  1  2  3  4  5 |
---------------+----------------+-----
Stealth        | 3 |  3.7
Translocations | 1 2 |  2.2
Transmutations | 2 |  2.8
Spellcasting   | 4 |  4.3
Dodging        | 3 |  3.0
Earth Magic    | 4 |  4.1
Ranged Weapons | 1 |  1.3

Action                   |  1- 3 |  4- 6 || total
-------------------------+-------+-------++-------
 Fire: Sling             |       |    39 ||    39
 Cast: Sandblast         |    62 |    61 ||   123
       Blink             |     1 |     1 ||     2
  Use: Scroll            |       |     2 ||     2
Armor: Robe              |     5 |     5 ||    10
Dodge: Dodged            |    16 |    31 ||    47

Table legend: (Time is in decaauts)
 A = Elapsed time spent in this place.
 B = Non-inter-level travel time spent in this place.
 C = Inter-level travel time spent in this place.
 D = Time resting spent in this place.
 E = Time spent auto-exploring this place.
 F = Levels seen in this place.
 G = Mean time per level.
                   A        B        C        D        E       F      G
               +--------+--------+--------+--------+--------+-----+--------+
         Total |   3398 |   3259 |    139 |    345 |   1886 |   4 |  849.5 |
       Dungeon |   3398 |   3259 |    139 |    345 |   1886 |   4 |  849.5 |
               +--------+--------+--------+--------+--------+-----+--------+

Top non-repeatable levels by time:
     D:3: 1109 daAuts
     D:2: 936 daAuts
     D:1: 809 daAuts
     D:4: 543 daAuts
